NYP
EVERETT AQUASOX @ VANCOUVER CANADIANS
04/27/2044
 
TOP OF THE 1ST
Everett AquaSox batting - Pitching for Vancouver Canadians : RHP Omar Torres
Pitching: RHP Omar Torres
Batting: RHB Houston Brock 0-0: Called Strike
0-1: Ground out 4-3 (Groundball, 4, EV 106.3 MPH)
Batting: RHB Mike Conaway 0-0: Called Strike
0-1: Ball
1-1: DOUBLE (Line Drive, 3D, EV 96.9 MPH)
Batting: RHB Tze-meng Li 0-0: Called Strike
0-1: SINGLE (Line Drive, 7S, EV 94.4 MPH)
Mike Conaway to third
Runner from 3rd tries for Home, throw by LF and OUT! 7-2
Tze-meng Li to second
Batting: RHB Chris Olheiser 0-0: Ball
1-0: Ball
2-0: Foul Ball, location: 2F
2-1: Ball
3-1: Called Strike
3-2: Ground out 6-3 (Groundball, 6, EV 87.5 MPH)
Top of the 1st over - 0 runs, 2 hits, 0 errors, 1 left on base; Everett 0 - Vancouver 0
BOTTOM OF THE 1ST
Vancouver Canadians batting - Pitching for Everett AquaSox : LHP Mitch Lewis
Pitching: LHP Mitch Lewis
Batting: RHB Dylan Phillips 0-0: Called Strike
0-1: Fly out, F9 (Flyball, 89S, EV 86.9 MPH)
Batting: RHB Andy Bridger 0-0: Called Strike
0-1: Ball
1-1: Foul Ball, location: 2F
1-2: Foul Ball, location: 2F
1-2: Ball
2-2: SOLO HOME RUN (Flyball, 78XD, EV 108.1 MPH), Distance : 402 ft
Batting: RHB Jose Garate 0-0: Ball
1-0: Ball
2-0: Called Strike
2-1: DOUBLE (Line Drive, 5D, EV 99.4 MPH)
Batting: RHB Laroya Foronda 0-0: Ball
1-0: Ground out 4-3 (Groundball, 4, EV 88.1 MPH)
Jose Garate to third
Batting: RHB Josh Swartzentruber 0-0: Called Strike
0-1: Fly out, F8 (Flyball, 8RD, EV 80.6 MPH)
Bottom of the 1st over - 1 run, 2 hits, 0 errors, 1 left on base; Everett 0 - Vancouver 1
TOP OF THE 2ND
Everett AquaSox batting - Pitching for Vancouver Canadians : RHP Omar Torres
Batting: LHB Taki Matsui 0-0: Swinging Strike
0-1: Ball
1-1: Swinging Strike
1-2: Strikes out swinging
Batting: RHB Victor Rosas 0-0: Ball
1-0: Swinging Strike
1-1: Swinging Strike
1-2: SINGLE (Groundball, 56D, EV 101.3 MPH)
Batting: RHB Heihachiro Fujita 0-0: Called Strike
0-1: Ball
1-1: Foul Ball, location: 2F
1-2: Ball
2-2: Ball
3-2: Base on Balls
Victor Rosas to second
Batting: RHB Chris Van Niel 0-0: Foul Ball, location: 2F
0-1: Foul Ball, location: 2F
0-2: Ball
1-2: Foul Ball, location: 2F
1-2: Strikes out looking
Batting: RHB David Greene 0-0: DOUBLE (Line Drive, 9LM, EV 91.3 MPH)
Victor Rosas scores
Heihachiro Fujita to third
Batting: RHB Houston Brock 0-0: Ball
1-0: Ground out 5-3 (Groundball, 5, EV 87.5 MPH)
Top of the 2nd over - 1 run, 2 hits, 0 errors, 2 left on base; Everett 1 - Vancouver 1
BOTTOM OF THE 2ND
Vancouver Canadians batting - Pitching for Everett AquaSox : LHP Mitch Lewis
Batting: RHB Dan Hilyer 0-0: Ball
1-0: Ball
2-0: Called Strike
2-1: Ground out 6-3 (Groundball, 6, EV 101.3 MPH)
Batting: RHB Kyle Scruggs 0-0: Ball
1-0: Foul Ball, location: 2F
1-1: Foul Ball, location: 2F
1-2: Ground out 5-3 (Groundball, 5, EV 82.5 MPH)
Batting: LHB Sumiki Okuhara 0-0: Called Strike
0-1: Ball
1-1: Called Strike
1-2: Strikes out swinging
Bottom of the 2nd over - 0 runs, 0 hits, 0 errors, 0 left on base; Everett 1 - Vancouver 1
TOP OF THE 3RD
Everett AquaSox batting - Pitching for Vancouver Canadians : RHP Omar Torres
Batting: RHB Mike Conaway 0-0: Called Strike
0-1: Ball
1-1: Ball
2-1: Foul Ball, location: 2F
2-2: Fly out, F4 (Flyball, 34D, EV 94.4 MPH)
Batting: RHB Tze-meng Li 0-0: Ground out 6-3 (Groundball, 6, EV 104.4 MPH)
Batting: RHB Chris Olheiser 0-0: Called Strike
0-1: Ball
1-1: SINGLE (Groundball, 6MD, EV 100.6 MPH)
Batting: LHB Taki Matsui 0-0: Called Strike
0-1: Called Strike
0-2: Ball
1-2: Ball
2-2: Foul Ball, location: 2F
2-2: Strikes out swinging
Top of the 3rd over - 0 runs, 1 hit, 0 errors, 1 left on base; Everett 1 - Vancouver 1
BOTTOM OF THE 3RD
Vancouver Canadians batting - Pitching for Everett AquaSox : LHP Mitch Lewis
Batting: RHB Bryan Peterson 0-0: Ball
1-0: Called Strike
1-1: Ball
2-1: Swinging Strike
2-2: Ball
3-2: SINGLE (Groundball, 4MD, EV 105.0 MPH) (infield hit)
Batting: RHB Dylan Phillips 0-0: Ball
1-0: Fielders Choice at 2nd, 1-6 (Groundball, 34S, EV 66.9 MPH)
Batting: RHB Andy Bridger 0-0: Ball
Dylan Phillips is caught stealing 2nd base 2-4
1-0: Ground out 5-3 (Groundball, 56S, EV 79.4 MPH)
Bottom of the 3rd over - 0 runs, 1 hit, 0 errors, 0 left on base; Everett 1 - Vancouver 1
TOP OF THE 4TH
Everett AquaSox batting - Pitching for Vancouver Canadians : RHP Omar Torres
Batting: RHB Victor Rosas 0-0: Ground out 6-3 (Groundball, 56D, EV 96.9 MPH)
Batting: RHB Heihachiro Fujita 0-0: Called Strike
0-1: Called Strike
0-2: Ball
1-2: Foul Ball, location: 2F
1-2: Strikes out swinging
Batting: RHB Chris Van Niel 0-0: Called Strike
0-1: Ball
1-1: Called Strike
1-2: Foul Ball, location: 2F
1-2: Foul Ball, location: 2F
1-2: Ball
2-2: Ball
3-2: Strikes out swinging
Top of the 4th over - 0 runs, 0 hits, 0 errors, 0 left on base; Everett 1 - Vancouver 1
BOTTOM OF THE 4TH
Vancouver Canadians batting - Pitching for Everett AquaSox : LHP Mitch Lewis
Batting: RHB Jose Garate 0-0: Ball
1-0: Ground out 6-3 (Groundball, 6, EV 81.3 MPH)
Batting: RHB Laroya Foronda 0-0: Ball
1-0: Called Strike
1-1: Foul Ball, location: 2F
1-2: Foul Ball, location: 2F
1-2: Reached on error, E5 (Groundball, 5, EV 105.6 MPH)
Batting: RHB Josh Swartzentruber 0-0: Called Strike
Laroya Foronda is caught stealing 2nd base 2-4
0-1: Ball
1-1: Fly out, F9 (Flyball, 9, EV 88.1 MPH)
Bottom of the 4th over - 0 runs, 0 hits, 1 error, 0 left on base; Everett 1 - Vancouver 1
TOP OF THE 5TH
Everett AquaSox batting - Pitching for Vancouver Canadians : RHP Omar Torres
Batting: RHB David Greene 0-0: Swinging Strike
0-1: Ground out 1-3 (Groundball, P, EV 69.4 MPH)
Batting: RHB Houston Brock 0-0: Ball
1-0: Fly out, F9 (Flyball, 9LM, EV 94.4 MPH)
Batting: RHB Mike Conaway 0-0: Foul Ball, location: 2F
0-1: Swinging Strike
0-2: Ball
1-2: Foul Ball, location: 2F
1-2: Foul Ball, location: 2F
1-2: Strikes out swinging
Top of the 5th over - 0 runs, 0 hits, 0 errors, 0 left on base; Everett 1 - Vancouver 1
BOTTOM OF THE 5TH
Vancouver Canadians batting - Pitching for Everett AquaSox : LHP Mitch Lewis
Batting: RHB Dan Hilyer 0-0: Ball
1-0: Ball
2-0: Ball
3-0: Base on Balls
Batting: RHB Kyle Scruggs 0-0: Ball
1-0: Called Strike
1-1: Ground out 6-3 (Groundball, P, EV 86.9 MPH)
Dan Hilyer to second
Batting: LHB Sumiki Okuhara 0-0: Called Strike
0-1: Foul Ball, location: 2F
0-2: Ball
1-2: Ball
2-2: Fly out, F7 (Flyball, 7S, EV 83.8 MPH)
Batting: RHB Bryan Peterson 0-0: Fly out, F9 (Flyball, 9D, EV 81.3 MPH)
Bottom of the 5th over - 0 runs, 0 hits, 0 errors, 1 left on base; Everett 1 - Vancouver 1
TOP OF THE 6TH
Everett AquaSox batting - Pitching for Vancouver Canadians : RHP Omar Torres
Batting: RHB Tze-meng Li 0-0: Called Strike
0-1: SINGLE (Line Drive, 7LS, EV 96.3 MPH)
Batting: RHB Chris Olheiser 0-0: Called Strike
0-1: Ball
1-1: Ball
2-1: Foul Ball, location: 2F
2-2: DOUBLE (Line Drive, 89D, EV 105.0 MPH)
Tze-meng Li to third
Tze-meng Li scores
Batting: LHB Taki Matsui 0-0: Ball
1-0: Ball
2-0: Ball
3-0: Base on Balls
Batting: RHB Victor Rosas 0-0: Called Strike
0-1: Ball
1-1: Called Strike
1-2: Foul Ball, location: 2F
1-2: Foul Ball, location: 2F
1-2: Ball
2-2: Foul Ball, location: 2F
2-2: Ball
3-2: Strikes out swinging
Pitching: RHP Karl Matheson
Batting: RHB Heihachiro Fujita 0-0: Called Strike
0-1: Ball
1-1: Foul Ball, location: 2F
1-2: Ball
2-2: Foul Ball, location: 2F
2-2: Ball
3-2: Reached on error, E6 (Groundball, 6MD, EV 90.6 MPH)
Chris Olheiser to third
Taki Matsui to second
Batting: RHB Chris Van Niel 0-0: Called Strike
0-1: Ball
1-1: Grounds into fielders choice 1-2 (Groundball, 13S, EV 61.3 MPH)
Taki Matsui to third
Heihachiro Fujita to second
Batting: RHB David Greene 0-0: Fly out, F9 (Flyball, 9LS, EV 78.8 MPH)
Top of the 6th over - 1 run, 2 hits, 1 error, 3 left on base; Everett 2 - Vancouver 1
BOTTOM OF THE 6TH
Vancouver Canadians batting - Pitching for Everett AquaSox : LHP Mitch Lewis
Batting: RHB Dylan Phillips 0-0: Ball
1-0: Ball
2-0: Ball
3-0: Base on Balls
Batting: RHB Andy Bridger 0-0: Ball
1-0: Called Strike
1-1: Ball
2-1: Foul Ball, location: 2F
2-2: Ball
3-2: Strikes out swinging
Batting: RHB Jose Garate 0-0: Ball
Dylan Phillips is caught stealing 2nd base 2-4
1-0: Fly out, F6 (Flyball, 56D, EV 76.9 MPH)
Bottom of the 6th over - 0 runs, 0 hits, 0 errors, 0 left on base; Everett 2 - Vancouver 1
TOP OF THE 7TH
Everett AquaSox batting - Pitching for Vancouver Canadians : RHP Karl Matheson
Batting: RHB Houston Brock 0-0: Foul Ball, location: 2F
0-1: Foul Ball, location: 2F
0-2: Strikes out looking
Batting: RHB Mike Conaway 0-0: Ball
1-0: Foul Ball, location: 2F
1-1: Ball
2-1: Foul Ball, location: 2F
2-2: Ball
3-2: Strikes out swinging
Batting: RHB Tze-meng Li 0-0: Ball
1-0: Foul Ball, location: 2F
1-1: Called Strike
1-2: Ball
2-2: Strikes out swinging
Top of the 7th over - 0 runs, 0 hits, 0 errors, 0 left on base; Everett 2 - Vancouver 1
BOTTOM OF THE 7TH
Vancouver Canadians batting - Pitching for Everett AquaSox : LHP Mitch Lewis
Batting: RHB Laroya Foronda 0-0: Called Strike
0-1: Ball
1-1: Called Strike
1-2: Strikes out looking
Pitching: RHP Dave McGee
Pinch Hitting: LHB Dustin Bale 0-0: Ball
1-0: Ground out 4-3 (Groundball, 4, EV 83.8 MPH)
Pinch Hitting: LHB Curt Maxwell 0-0: Called Strike
0-1: Fly out, F8 (Line Drive, 8RD, EV 95.6 MPH)
Bottom of the 7th over - 0 runs, 0 hits, 0 errors, 0 left on base; Everett 2 - Vancouver 1
TOP OF THE 8TH
Everett AquaSox batting - Pitching for Vancouver Canadians : RHP Karl Matheson
Now at 1B: Dustin Bale
Now at 3B: Kyle Scruggs
Now in LF: Laroya Foronda
Now in CF: Sumiki Okuhara
Now in RF: Curt Maxwell
Batting: RHB Chris Olheiser 0-0: Ball
1-0: Ball
2-0: Ground out 4-3 (Groundball, 4M, EV 90.0 MPH)
Batting: LHB Taki Matsui 0-0: Swinging Strike
0-1: Ball
1-1: Swinging Strike
1-2: Ball
2-2: Strikes out swinging, 2-3 out at first.
Pitching: RHP Doug Whitlatch
Batting: RHB Victor Rosas 0-0: Swinging Strike
0-1: Swinging Strike
0-2: Strikes out looking
Top of the 8th over - 0 runs, 0 hits, 0 errors, 0 left on base; Everett 2 - Vancouver 1
BOTTOM OF THE 8TH
Vancouver Canadians batting - Pitching for Everett AquaSox : RHP Dave McGee
Batting: RHB Kyle Scruggs 0-0: Ball
1-0: Ball
2-0: Called Strike
2-1: Reached on error, E4 (Groundball, 34, EV 105.6 MPH)
Batting: LHB Sumiki Okuhara 0-0: Fly out, F8 (Flyball, 8LD, EV 101.3 MPH)
Pinch Hitting: RHB Cesar Chavez 0-0: Called Strike
0-1: Called Strike
0-2: Ball
1-2: Foul Ball, location: 2F
1-2: Ball
Wild Pitch!
Kyle Scruggs to second
2-2: Strikes out swinging
Pinch Hitting: LHB Brad York 0-0: Fly out, F9 (Flyball, 89XD, EV 80.0 MPH)
Bottom of the 8th over - 0 runs, 0 hits, 1 error, 1 left on base; Everett 2 - Vancouver 1
TOP OF THE 9TH
Everett AquaSox batting - Pitching for Vancouver Canadians : RHP Doug Whitlatch
Pitching: RHP Bobby Weiser
Now at C: David Beauchamp
Now at 2B: Cesar Chavez
Pinch Hitting: SHB Carlos Luna 0-0: Ball
1-0: Called Strike
1-1: Ball
2-1: Foul Ball, location: 2F
2-2: Ball
3-2: Foul Ball, location: 2F
3-2: Foul Ball, location: 2F
3-2: Strikes out swinging
Batting: RHB Chris Van Niel 0-0: Swinging Strike
0-1: Ball
1-1: Called Strike
1-2: Strikes out swinging
Batting: RHB David Greene 0-0: Called Strike
0-1: Ball
1-1: Called Strike
1-2: Strikes out swinging
Top of the 9th over - 0 runs, 0 hits, 0 errors, 0 left on base; Everett 2 - Vancouver 1
BOTTOM OF THE 9TH
Vancouver Canadians batting - Pitching for Everett AquaSox : RHP Dave McGee
Now in RF: Ivan Davila
Batting: RHB Andy Bridger 0-0: Ball
1-0: Foul Ball, location: 2F
1-1: Called Strike
1-2: Foul Ball, location: 2F
1-2: Ground out 6-3 (Groundball, 6M, EV 96.3 MPH)
Batting: RHB Jose Garate 0-0: Ball
1-0: Called Strike
1-1: Ball
2-1: Fly out, F8 (Flyball, 8LXD, EV 105.6 MPH)
Pinch Hitting: LHB Cedric Saunders 0-0: Foul Ball, location: 2F
0-1: Foul Ball, location: 2F
0-2: Ball
1-2: Ball
2-2: Strikes out swinging
Bottom of the 9th over - 0 runs, 0 hits, 0 errors, 0 left on base; Everett 2 - Vancouver 1
Thursday, March 31st , 2022 - OOTP Baseball 22.12 Build 89